 Dungeon Crawl Stone Soup version 0.17-a0-1984-g55f5988 (webtiles) character file.

7843 Ordine the Cruncher (level 11, -5/80 HPs)
             Began as a Minotaur Gladiator on Oct 6, 2015.
             Was a High Priest of Okawaru.
             Slain by an eight-headed hydra (11 damage)
             ... on level 1 of the Lair of Beasts.
             The game lasted 00:34:22 (10081 turns).

Ordine the Cruncher (Minotaur Gladiator)           Turns: 10081, Time: 00:34:22

Health: -5/80      AC: 10    Str: 20    XL:     11   Next: 2%
Magic:  18/24      EV: 18    Int:  5    God:    Okawaru [*****.]
Gold:   716        SH:  0    Dex: 21    Spells: 0 memorised, 10 levels left

rFire  + . .     SeeInvis .     a - +0 quarterstaff
rCold  . . .     Clarity  .     K - +1 ring mail "Lanurem" {-Tele Dex+4} (curse)
rNeg   . . .     SustAt   .     (no shield)
rPois  .         Gourm    +     c - +0 hat
rElec  .         Spirit   .     f - +0 cloak
rCorr  .         Warding  .     O - +0 pair of gloves {Dex+3}
rMut   .         NoTele   +     (no boots)
MR     .....                    J - amulet of the gourmand
Stlth  +.........               x - ring of magical power
                                o - ring of protection from fire

@: lethally poisoned (-5 -> -7), finesse, not resistant to hostile enchantments,
very unstealthy
A: retaliatory headbutt, horns 2
a: Heroism, Finesse, Renounce Religion


You were on level 1 of the Lair of Beasts.
You worshipped Okawaru.
Okawaru was extremely pleased with you.
You were full.

You visited 3 branches of the dungeon, and saw 12 of its levels.
You also visited: Ossuary.

You collected 716 gold pieces.

Inventory:

Hand Weapons
 a - a +0 quarterstaff (weapon)
 r - the +4 war axe "Risuiset" {flame, rPois rF+ Str-2}
   (You found it on level 6 of the Dungeon)

   It has been specially enchanted to burn those struck by it, causing extra
   injury to most foes and up to half again as much damage against particularly
   susceptible opponents.
   Big, fiery blades are also staple armaments of hydra-hunters.
   It affects your strength (-2).
   It protects you from fire.
   It protects you from poison.
Missiles
 d - 4 throwing nets (quivered)
Armour
 c - a +0 hat (worn)
 f - a +0 cloak (worn)
 u - the +0 robe of the Lost Path {SInv}
   (You found it on level 5 of the Dungeon)

   It lets you see invisible.
 v - a +1 plate armour
 K - the cursed +1 ring mail "Lanurem" (worn) {-Tele Dex+4}
   (You found it on level 10 of the Dungeon)

   It affects your dexterity (+4).
   It prevents most forms of teleportation.
   It has a curse placed upon it.
 O - a +0 pair of gloves of dexterity (worn)
Jewellery
 o - a ring of protection from fire (left hand)
 w - an uncursed amulet of warding
 x - a ring of magical power (right hand)
 F - an uncursed ring of magical power
 J - an amulet of the gourmand (around neck)
Wands
 i - a wand of flame (19)
 j - a wand of lightning (6)
 l - a wand of slowing (17)
 D - a wand of fire (3)
 E - a wand of polymorph (13)
 I - a wand of confusion (29)
 M - a wand of teleportation (3)
Scrolls
 p - 5 scrolls of amnesia
 t - 7 scrolls of teleportation
 A - 3 scrolls of immolation
 G - 2 scrolls of summoning
Potions
 g - 3 potions of magic
 h - 3 potions of cancellation
 k - 3 potions of curing
 m - 6 potions of brilliance
 n - 2 potions of lignification
 z - a potion of invisibility
 B - 2 potions of beneficial mutation {unknown}
 C - 2 potions of mutation {unknown}
 H - 2 potions of agility
Books
 y - a book of Clouds

   Spells                             Type                      Level
   a - Mephitic Cloud                 Conjuration/Poison/Air       3
   b - Conjure Flame                  Conjuration/Fire             3
   c - Poisonous Cloud                Conjuration/Poison/Air       6
   d - Freezing Cloud                 Conjuration/Ice/Air          6
   e - Ring of Flames                 Charms/Fire                  7
Comestibles
 b - 2 beef jerkies
 e - 11 bread rations
 q - 5 meat rations
 s - 5 fruits


   Skills:
 - Level 2.4 Fighting
 - Level 14.1 Staves
 - Level 2.0 Throwing
 - Level 8.4 Armour
 - Level 8.5 Dodging
 + Level 6.7 Invocations


You had 10 spell levels left.
You didn't know any spells.

Dungeon Overview and Level Annotations

Branches:
Dungeon (10/15)            Temple (1/1) D:6            Lair (1/8) D:10
    Orc: D:9-12

Altars:
Ashenzari
Cheibriados
Dithmenos
Elyvilon
Fedhas
Gozag
Kikubaaqudgha
Makhleb
Nemelex Xobeh
Okawaru
Qazlal
Ru
Sif Muna
Trog
Vehumet
Xom
Yredelemnul
Zin
The Shining One

Shops:
D:9 [


Innate Abilities, Weirdness & Mutations

You reflexively headbutt those who attack you in melee.
You have a pair of horns on your head.


Message History

The eight-headed hydra bites you.
* * * LOW HITPOINT WARNING * * *
You are too injured to fight recklessly!
You are too injured to fight recklessly!
You are too injured to fight recklessly!
You hit the eight-headed hydra.
The eight-headed hydra is heavily wounded.
You feel sick.
You sock the eight-headed hydra! You headbutt the eight-headed hydra!
The eight-headed hydra is severely wounded.
You hit the eight-headed hydra.
The eight-headed hydra is almost dead.
The eight-headed hydra bites you!
* * * LOW HITPOINT WARNING * * *
The eight-headed hydra bites you but does no damage.
The eight-headed hydra bites you!
* * * LOW HITPOINT WARNING * * *
The eight-headed hydra bites you but does no damage.
The eight-headed hydra bites you!
You die...

#.$....##
##....?..#
#.......#
#P......#
#...<..#
#......#
#......#
#......##
#...@...#
$.......D......
................
..........$.....
....?...(..[....
................
................
##############.


You could see an eight-headed hydra.

Vanquished Creatures
  The ghost of Vergil the Vandal, a novice DsHu of Okawaru (D:7)
  A hill giant (D:8)
  Joseph (D:8)
  A two-headed ogre (D:8)
  A spriggan (D:7)
  A steam dragon (D:10)
  A hippogriff (D:8)
  3 water moccasins
  4 orc warriors
  3 wargs (D:10)
  4 sky beasts
  2 ice beasts
  A phantom (D:7)
  A black bear (D:10)
  6 centaurs
  6 ogres
  8 giant frogs
  Blork the orc (D:6)
  3 gnoll sergeants (D:6)
  A scorpion (D:10)
  6 killer bees
  8 wights
  2 crimson imps
  2 centaur zombies (Ossuary)
  A quasit (D:10)
  10 orc priests
  2 hounds
  A centaur skeleton (D:5)
  2 jellies
  A gnoll shaman (D:9)
  3 iguanas
  7 worker ants
  11 orc wizards
  A killer bee zombie (D:7)
  A big kobold zombie (Ossuary)
  2 hound zombies
  A hound skeleton (D:8)
  3 mummies
  2 worker ant zombies
  8 adders
  19 gnolls
  A river rat (D:6)
  A shadow imp (D:5)
  An ooze (D:3)
  An adder skeleton (D:5)
  2 adder zombies
  A worm (D:2)
  8 giant geckos
  34 orcs
  4 ball pythons
  5 giant cockroaches
  9 goblins
  6 hobgoblins
  22 jackals
  A ball python skeleton (D:4)
  9 bats
  A giant cockroach zombie (D:5)
  A giant gecko skeleton (D:4)
  12 giant newts
  A goblin zombie (Ossuary)
  11 hobgoblin zombies (Ossuary)
  A jackal skeleton (D:6)
  A jackal zombie (Ossuary)
  7 kobolds
  11 kobold zombies (Ossuary)
  9 orc zombies
  3 quokkas
  A quokka zombie (D:6)
  9 rats
  A rat zombie (Ossuary)
317 creatures vanquished.

Vanquished Creatures (collateral kills)
  A hungry ghost (D:8)
1 creature vanquished.

Vanquished Creatures (others)
  An orc wizard (D:6)
1 creature vanquished.

Grand Total: 319 creatures vanquished

Notes
Turn   | Place    | Note
--------------------------------------------------------------
     0 | D:1      | Ordine the Minotaur Gladiator began the quest for the Orb.
     0 | D:1      | Reached XP level 1. HP: 18/18 MP: 0/0
    69 | D:1      | Reached skill level 4 in Staves
    84 | D:1      | Reached XP level 2. HP: 23/25 MP: 1/1
   345 | D:1      | Reached skill level 5 in Staves
   366 | D:1      | Reached XP level 3. HP: 19/30 MP: 2/2
  1459 | D:3      | Reached XP level 4. HP: 37/37 MP: 3/3
  1486 | D:3      | Reached skill level 6 in Staves
  1874 | D:4      | Noticed an ogre
  1877 | D:4      | Killed an ogre
  1877 | D:4      | Reached skill level 7 in Staves
  1877 | D:4      | Reached XP level 5. HP: 11/42 MP: 4/4
  2114 | D:4      | Noticed an ogre
  2116 | D:4      | Found an iron altar of Okawaru.
  2120 | D:4      | Killed an ogre
  2120 | D:4      | Reached skill level 8 in Staves
  2120 | D:4      | Reached XP level 6. HP: 50/50 MP: 5/5
  2130 | D:4      | Became a worshipper of Warmaster Okawaru
  2374 | D:4      | Noticed a giant frog
  2381 | D:4      | Killed a giant frog
  2547 | D:4      | Reached skill level 9 in Staves
  2673 | D:5      | Entered Level 5 of the Dungeon
  2698 | D:5      | Reached XP level 7. HP: 48/56 MP: 6/6
  2723 | D:5      | Reached skill level 10 in Staves
  2752 | D:5      | Acquired Okawaru's first power
  2759 | D:5      | Found a bloodstained altar of Trog.
  3135 | D:5      | Got a heavy robe
  3150 | D:5      | Identified the +0 robe of the Lost Path {SInv} (You found it on level 5 of the Dungeon)
  3281 | D:6      | Noticed Blork the orc
  3298 | D:6      | Killed Blork the orc
  3310 | D:6      | Reached skill level 11 in Staves
  3410 | D:6      | Reached XP level 8. HP: 50/62 MP: 7/7
  3508 | D:6      | Reached skill level 12 in Staves
  4120 | D:6      | Got an iridescent war axe
  4121 | D:6      | Identified the +4 war axe "Risuiset" {flame, rPois rF+ Str-2} (You found it on level 6 of the Dungeon)
  4167 | D:6      | Reached skill level 13 in Staves
  4190 | D:6      | Found a staircase to the Ecumenical Temple.
  4368 | Temple   | Entered the Ecumenical Temple
  4762 | D:7      | Found a snail-covered altar of Cheibriados.
  4762 | D:7      | Found a shadowy altar of Dithmenos.
  4789 | D:7      | Reached XP level 9. HP: 14/68 MP: 8/8
  5051 | D:7      | Reached skill level 14 in Staves
  5169 | D:7      | Noticed Vergil's ghost (novice DsHu)
  5187 | D:7      | Killed Vergil's ghost
  5251 | D:7      | Reached skill level 5 in Dodging
  5436 | D:7      | Reached skill level 5 in Armour
  6049 | D:8      | Found a basalt altar of Yredelemnul.
  6190 | D:8      | Found an ancient bone altar of Kikubaaqudgha.
  6190 | D:8      | Found a stormy altar of Qazlal.
  6240 | D:8      | Found a burning altar of Makhleb.
  6240 | D:8      | Noticed an Executioner
  6255 | D:8      | Noticed Joseph
  6280 | D:8      | Killed Joseph
  6280 | D:8      | Reached XP level 10. HP: 38/74 MP: 9/9
  6673 | D:8      | Found a sand-covered staircase.
  6679 | Ossuary  | Entered an ossuary
  7271 | D:8      | Found an opulent altar of Gozag.
  7347 | D:8      | Noticed a hill giant
  7355 | D:8      | Killed a hill giant
  7668 | D:9      | Acquired Okawaru's second power
  7740 | D:9      | Reached skill level 1 in Invocations
  7946 | D:9      | Found Waemytt's Armour Emporium.
  8189 | D:10     | Entered Level 10 of the Dungeon
  8855 | D:10     | Reached skill level 5 in Invocations
  9109 | D:10     | Received a gift from Okawaru
  9148 | D:10     | Found a staircase to the Lair.
  9483 | D:10     | Noticed a centaur warrior
  9803 | D:10     | Reached XP level 11. HP: 74/80 MP: 14/14
  9855 | D:10     | Got a spiked ring mail
  9866 | D:10     | Identified the cursed +1 ring mail "Lanurem" {-Tele Dex+4} (You found it on level 10 of the Dungeon)
 10063 | Lair:1   | Entered Level 1 of the Lair of Beasts
 10066 | Lair:1   | Noticed an eight-headed hydra
 10081 | Lair:1   | Slain by an eight-headed hydra

Vault maps used:
D:1:      lordsloth_arrival_two_stooges
D:4:      minivault_5, okawaru_trees_1
D:5:      bloody_trog, first_bread, grunt_ministairs_5, minmay_lizard_king
D:6:      minmay_temple_entry_junction, portal_sewer_entry_e, uniq_blork_the_orc
D:7:      gammafunk_temple_overflow_wave, the_bakery
D:8:      makhleb_altar_promises_db, kennysheep_mini,
          gammafunk_temple_overflow_elements, basic_altar,
          nicolae_ossuary_entry_giza, kennysheep_kite_vault, uniq_joseph
D:9:      serial_shops, shop_statue
D:10:     erik_lair_orcish_takeover
Temple:   water_room_temple_b_12
Ossuary:  ossuary_tomb_1

Action                   |  1- 3 |  4- 6 |  7- 9 | 10-12 || total
-------------------------+-------+-------+-------+-------++-------
Melee: Quarterstaff      |   109 |    82 |   425 |   434 ||  1050
Invok: Finesse           |       |       |       |     1 ||     1
Evoke: Wand              |       |       |     2 |       ||     2
  Use: Scroll            |       |    11 |     5 |     8 ||    24
       Potion            |       |       |     9 |     1 ||    10
  Eat: Chunk             |     1 |     5 |    10 |    20 ||    36
       Fruit             |       |       |     2 |     1 ||     3
